AoeStats
← adripanzer

Black Forest

510357923Analyzed
4v4 RM · 2d ago on Sep 30, 2026· 58m 36s· 8 players
Game mode
Random Map
Map size
Large (8 player)
Population
200
Speed
Normal
Resources
Standard
Victory
Conquest
Starting age
Dark Age
Ending age
Imperial Age
RankedLock teamsTeams togetherTeam positionsShared explorationLock speedFull tech treeHidden civsTurbo modeCheats
Victory
Defeat
🇨🇳 Italians · China
778
+10
🇺🇸 Franks · United States
775
+10
🇨🇳 Khmer · China
746
+11
🇨🇳 Khmer · China
698
+13
🇬🇧 Britons · United Kingdom
658
-12
🇪🇸 Vietnamese · Spain
650
-11
🇪🇸 Maya · Spain
624
-11
🇺🇸 Persians · United States
611
-10
1208kenfeng
0:36 Loom
12:40 Feudal Age
14:25 Double-Bit Axe
20:44 Castle Age
19:30 Stone Mining
20:36 Gold Mining
26:19 Bow Saw
28:21 Fortified Wall
28:34 Ballistics
33:44 Imperial Age
31:54 Wheelbarrow
32:35 Husbandry
32:46 Murder Holes
33:38 Hand Cart
35:18 Cavalier
36:45 Scale Barding Armor
39:56 Chemistry
40:17 Conscription
39:53 Onager
42:21 Chain Barding Armor
42:12 Forging
41:52 Fletching
42:03 Padded Archer Armor
42:08 Chivalry
43:15 Paladin
50:12 Plate Barding Armor
50:13 Iron Casting
49:33 Bodkin Arrow
49:54 Leather Archer Armor
49:28 Elite Throwing Axeman
49:29 Ordonnance Companies
55:58 Blast Furnace
54:58 Scale Mail Armor
ProfileName
10:53 Feudal Age
11:30 Loom
13:54 Castle Age
11:58 Double-Bit Axe
11:56 Horse Collar
15:06 Bow Saw
14:59 Heavy Plow
27:00 Gold Mining
27:00 Stone Mining
28:32 Gold Shaft Mining
31:11 Imperial Age
29:51 Stone Shaft Mining
30:27 Wheelbarrow
29:37 Loom
29:38 Town Watch
31:36 Ballistics
31:18 Caravan
31:24 Husbandry
31:42 Bloodlines
31:26 Light Cavalry
32:20 Hussar
33:13 Scale Barding Armor
33:18 Forging
34:16 Crop Rotation
35:48 Conscription
35:28 Double Crossbow
34:50 Elite Ballista Elephant
36:02 Chain Barding Armor
36:17 Iron Casting
39:01 Chemistry
38:08 Siege Engineers
37:58 Murder Holes
52:08 Plate Barding Armor
52:33 Blast Furnace
NgAgo
0:59 Loom
11:36 Feudal Age
12:34 Double-Bit Axe
17:13 Castle Age
16:23 Horse Collar
19:26 Bow Saw
30:43 Imperial Age
29:29 Ballistics
30:23 Fletching
30:33 Padded Archer Armor
32:26 Chemistry
31:24 Bodkin Arrow
33:34 Two-Man Saw
33:21 Thumb Ring
32:36 Crossbowman
33:37 Treadmill Crane
34:00 Bracer
34:15 Leather Archer Armor
34:15 Pirotechnia
36:18 Wheelbarrow
36:27 Silk Road
37:52 Gold Mining
41:39 Elite Genoese Crossbowman
49:08 Ring Archer Armor
YellowyGnu8986
1:35 Loom
11:28 Feudal Age
15:54 Castle Age
14:56 Double-Bit Axe
15:52 Wheelbarrow
15:15 Horse Collar
16:21 Gold Mining
17:11 Bow Saw
17:32 Heavy Plow
20:52 Hand Cart
21:55 Stone Mining
23:39 Gold Shaft Mining
25:24 Stone Shaft Mining
32:57 Imperial Age
33:19 Bloodlines
32:31 Light Cavalry
33:12 Husbandry
35:24 Hussar
35:25 Elite Battle Elephant
39:55 Conscription
39:37 Tusk Swords
42:25 Caravan
44:14 Forging
44:11 Scale Barding Armor
43:58 Fletching
44:08 Padded Archer Armor
44:33 Ballistics
45:14 Chemistry
47:22 Heavy Scorpion
51:55 Double Crossbow
51:21 Elite Ballista Elephant
bt1014
12:36 Feudal Age
16:38 Castle Age
14:52 Double-Bit Axe
16:08 Horse Collar
17:57 Bow Saw
20:30 Stone Mining
24:57 Forging
26:36 Heavy Plow
29:34 Iron Casting
29:46 Caravan
30:07 Murder Holes
30:34 Ballistics
31:09 Town Watch
34:56 Imperial Age
32:55 Town Patrol
34:16 Scale Barding Armor
34:58 Elite War Elephant
36:07 Kamandaran
37:29 Blast Furnace
36:35 Fletching
36:46 Padded Archer Armor
36:43 Crossbowman
37:29 Thumb Ring
38:40 Chain Barding Armor
40:26 Chemistry
39:37 Bodkin Arrow
41:51 Plate Barding Armor
41:32 Leather Archer Armor
Nano
9:02 Loom
11:10 Feudal Age
13:12 Wheelbarrow
12:25 Double-Bit Axe
14:47 Gold Mining
19:46 Castle Age
19:21 Stone Mining
26:13 Horse Collar
33:29 Hand Cart
38:57 Imperial Age
36:24 Fletching
36:14 Pikeman
36:57 Squires
37:05 Padded Archer Armor
38:51 Crossbowman
38:54 Elite Skirmisher
40:12 Arbalester
40:33 Halberdier
42:01 Bodkin Arrow
42:22 Leather Archer Armor
42:08 Scale Mail Armor
42:18 Forging
44:53 Yeomen
46:58 Chemistry
46:18 Ballistics
46:56 Chain Mail Armor
47:16 Iron Casting
46:42 Bracer
47:12 Ring Archer Armor
49:04 Plate Mail Armor
51:08 Blast Furnace
50:25 Elite Longbowman
adripanzer
7:49 Loom
11:51 Feudal Age
12:19 Double-Bit Axe
12:16 Horse Collar
12:28 Stone Mining
13:23 Gold Mining
20:24 Castle Age
20:11 Wheelbarrow
21:09 Heavy Plow
21:28 Bow Saw
21:53 Town Watch
23:09 Hand Cart
26:15 Caravan
29:17 Thumb Ring
29:07 Fletching
29:19 Padded Archer Armor
38:18 Imperial Age
35:53 Town Patrol
35:43 Elite Skirmisher
36:39 Bloodlines
36:30 Husbandry
42:35 Imperial Skirmisher
Arnau II
2:12 Loom
14:36 Feudal Age
15:12 Double-Bit Axe
15:13 Horse Collar
16:11 Wheelbarrow
15:45 Gold Mining
16:42 Town Watch
17:54 Padded Archer Armor
17:46 Fletching
21:21 Stone Mining
28:06 Castle Age
28:59 Heavy Plow
29:13 Bow Saw
29:50 Stone Shaft Mining
28:40 Crossbowman
28:42 Elite Skirmisher
30:34 Herbal Medicine
30:49 Thumb Ring
31:04 Leather Archer Armor
30:38 Treadmill Crane
31:10 Masonry
31:39 Caravan
32:51 Fortified Wall
33:52 Bodkin Arrow
34:29 Hul'che Javelineers
36:08 Hand Cart
37:00 Ballistics
36:36 Murder Holes
36:47 Town Patrol
42:51 Imperial Age
44:49 Chemistry
44:20 Architecture
43:19 Elite Plumed Archer
44:43 Ring Archer Armor
44:14 Imperial Skirmisher
46:44 Bracer
Connection lost

Rejoining the realm…

Still unreachable

The connection could not be restored.

Session expired

The server has moved on; the page needs a fresh start.